 Dungeon Crawl Stone Soup version 0.24-a0-699-g5a66b1aa3b (webtiles) character file.

Game seed: 18100309151098116572, levelgen mode: deterministic

1787 Eurus the Stinger (level 9, -3/76 HPs)
             Began as a Naga Venom Mage on Sept 29, 2019.
             Was a Priest of Cheibriados.
             Splashed by a jelly's acid (6 damage)
             ... on level 5 of the Dungeon.
             The game lasted 00:24:57 (6181 turns).

Eurus the Stinger (Naga Venom Mage)                 Turns: 6181, Time: 00:24:57

Health: -3/76      AC:  1    Str: 23    XL:     9   Next: 8%
Magic:  13/13      EV: 16    Int: 27    God:    Cheibriados [***...]
Gold:   445        SH:  0    Dex: 25    Spells: 9/16 levels left

rFire    + + .     SeeInvis +   q - +0 war axe
rCold    . . .     Gourm    .   (no shield)
rNeg     . . .     Faith    .   e - +2 leather armour {rF+}
rPois    +         Spirit   .   p - +0 helmet
rElec    .         Reflect  .   (no cloak)
rCorr    .         Harm     .   (no gloves)
MR       +....                  (no barding)
Stlth    ++++......             (no amulet)
HPRegen  0.22/turn              (no ring)
MPRegen  0.13/turn              (no ring)

@: mighty, agile, corroded, flying, hasted, lightly drained, very slow
A: large, yellow scales 1, see invisible, deformed body, fire resistance 1, low
mp 1, poison resistance, slowness 2, slow metabolism 1, spit poison 1, AC +3
a: Spit Poison, Bend Time, Temporal Distortion, Renounce Religion


You were on level 5 of the Dungeon.
You worshipped Cheibriados.
Cheibriados was most pleased with you.
You were hungry.

You visited 2 branches of the dungeon, and saw 7 of its levels.

You collected 445 gold pieces.

Inventory:

Hand Weapons
 b - a +0 mace of crushing
 q - a +0 war axe (weapon)
Armour
 a - a +0 robe
 e - a +2 leather armour of fire resistance (worn)
 p - a +0 helmet (worn)
 w - a +0 buckler
Wands
 l - a wand of polymorph (7)
Scrolls
 d - a scroll of enchant armour {unknown}
 f - 4 scrolls of identify
 h - 3 scrolls of amnesia
 i - 4 scrolls of remove curse
 j - 4 scrolls of teleportation
 o - 2 scrolls of fear {unknown}
 r - a scroll of noise {unknown}
 u - a scroll of fog {unknown}
 y - a scroll of immolation {unknown}
Potions
 g - 2 potions of degeneration
 k - a potion of cancellation
 n - 2 potions of lignification
Comestibles
 c - 13 rations


   Skills:
 + Level 3.4(2.8) Fighting
 * Level 5.3(4.7) Axes
 - Level 3.0(2.4) Dodging
 - Level 3.0(2.4) Stealth
 * Level 1.5(1.0) Shields
 + Level 4.2(3.7) Spellcasting
 + Level 4.7(4.1) Conjurations
 + Level 2.1(1.5) Air Magic
 + Level 7.0(6.3) Poison Magic
 + Level 2.0(1.5) Invocations


You had 9 spell levels left.
You knew the following spells:

 Your Spells              Type           Power        Failure   Level  Hunger
a - Sting                 Conj/Pois      ####         1%          1    None
b - Poisonous Vapours     Pois/Air       ####..       2%          2    None
c - Olgreb's Toxic Radia  Pois           #####...     7%          4    ####...

Your spell library contained the following spells:

 Spells                   Type           Power        Failure   Level  Hunger
 Mephitic Cloud           Conj/Pois/Air  ####....     5%          3    ##.....
 Venom Bolt               Conj/Pois      ####......   30%         5    #####..


Dungeon Overview and Level Annotations

Branches:
Dungeon (6/15)             Temple (1/1) D:4

Altars:
Cheibriados
Dithmenos
Elyvilon
Fedhas
Hepliaklqana
Kikubaaqudgha
Makhleb
Nemelex Xobeh
Qazlal
Ru
Sif Muna
Trog
Uskayaw
Vehumet
Xom
Zin
The Shining One


Innate Abilities, Weirdness & Mutations

You cannot wear boots.
Your serpentine skin is tough. (AC +3)
You have supernaturally acute eyesight. (SInv)
Armour fits poorly on your strangely shaped body.
Your system is resistant to poisons. (rPois)
You cover ground very slowly.
You have a slow metabolism.
You can spit poison.
You are partially covered in yellow scales. (AC +2)
Your flesh is heat resistant. (rF+)
Your magical capacity is low. (-10% MP)


Message History

Cheibriados forgives your accidental hurry, just this once.
The jelly barely misses you. The wight misses you.
The wight hits you from afar with a cursed +0 spear.
* * * LOW HITPOINT WARNING * * *
The jelly misses you. The wight hits you but does no damage.
The jelly barely misses you.
There is a stone staircase leading up here.
The wight barely misses you. The jelly hits you.
* * * LOW HITPOINT WARNING * * *
You are splashed with acid.
* * * LOW HITPOINT WARNING * * *
You fly upwards.
There is a stone staircase leading down here.
It was a potion of might.
You feel very mighty all of a sudden. The jelly hits you.
* * * LOW HITPOINT WARNING * * *
The acid corrodes you!
You are splashed with acid.
You die...

....## ##...#
#..### #..# ...##
##...# ##.## #..#
..## ##....##
##.## #..# ###
##......#####.##
#..#
##..####..##..##
#..< ##..##
##....## #...
##..## #....# #...
###..## #....##
##.. ###....#
#J@...#### ###
.......##
##........#### #
........###
#...######...#
.######...####...#
##..# .#
###...##...## ##.#
## ##..(##...##
#.## #
##..####..## #..#
# ##.## ##..##
#..## ##### ###..#
##..# ##..#


You could see a jelly.

Vanquished Creatures
  2 ice beasts
  2 sky beasts (D:6)
  A phantom (D:5)
  An ogre (D:6)
  A centaur (D:5)
  6 big kobolds (D:4)
  A crimson imp (D:4)
  3 hounds
  6 orc wizards
  2 orc priests (D:6)
  A jelly (D:5)
  4 worker ants
  A hound zombie (D:5)
  A worker ant zombie (D:5)
  2 gnolls (D:4)
  5 adders
  A shadow imp (D:5)
  An ooze (D:4)
  4 worms
  A dart slug (D:2)
  6 leopard geckos
  10 orcs
  A ball python (D:4)
  5 giant cockroaches
  9 goblins
  9 hobgoblins
  4 quokkas
  11 bats
  5 frilled lizards
  55 kobolds
  2 quokka skeletons
  9 rats
172 creatures vanquished.

Notes
Turn   | Place    | Note
-------+----------+-------------------------------------------
     0 | D:1      | Eurus the Naga Venom Mage began the quest for the Orb.
     0 | D:1      | Reached XP level 1. HP: 15/15 MP: 3/3
   164 | D:1      | Reached XP level 2. HP: 13/22 MP: 0/5
   174 | D:1      | Learned a level 2 spell: Poisonous Vapours
  1028 | D:2      | Reached XP level 3. HP: 28/28 MP: 0/6
  1231 | D:2      | Found a shadowy altar of Dithmenos.
  1285 | D:2      | Found a faded altar of an unknown god.
  1367 | D:2      | Reached XP level 4. HP: 36/36 MP: 2/7
  1765 | D:3      | Found a blossoming altar of Fedhas.
  2348 | D:4      | Found a burning altar of Makhleb.
  2354 | D:4      | Reached XP level 5. HP: 22/42 MP: 4/9
  2411 | D:4      | Reached skill level 1 in Axes
  2411 | D:4      | Reached skill level 5 in Poison Magic
  2920 | D:4      | Reached skill level 1 in Fighting
  2920 | D:4      | Reached XP level 6. HP: 32/51 MP: 3/10
  3120 | D:4      | Found a glowing golden altar of the Shining One.
  3178 | D:4      | Found a staircase to the Ecumenical Temple.
  3187 | Temple   | Entered the Ecumenical Temple
  3231 | Temple   | Became a worshipper of Cheibriados the Contemplative
  3417 | D:4      | Learned a level 4 spell: Olgreb's Toxic Radiance
  3589 | D:4      | Reached * piety under Cheibriados
  3627 | D:4      | Reached XP level 7. HP: 41/57 MP: 1/11
  3827 | D:4      | Gained mutation: Your magical capacity is low. (-10% MP)
                  | [potion of mutation]
  3827 | D:4      | Gained mutation: You are partially covered in yellow
                  | scales. (AC +2) [potion of mutation]
  3827 | D:4      | Gained mutation: Your flesh is heat resistant. (rF+)
                  | [potion of mutation]
  3841 | D:4      | Reached ** piety under Cheibriados
  3930 | D:4      | Reached skill level 6 in Poison Magic
  4240 | D:5      | Entered Level 5 of the Dungeon
  4309 | D:5      | Reached XP level 8. HP: 49/68 MP: 5/12
  5004 | D:5      | Reached skill level 1 in Air Magic
  5312 | D:6      | Found a shimmering blue altar of Sif Muna.
  5317 | D:6      | Reached skill level 1 in Invocations
  5507 | D:6      | Reached *** piety under Cheibriados
  5536 | D:6      | Reached skill level 5 in Axes
  5536 | D:6      | Reached skill level 1 in Shields
  5974 | D:6      | Reached XP level 9. HP: 66/76 MP: 9/13
  5997 | D:6      | Reached skill level 7 in Poison Magic
  6181 | D:5      | HP: 3/76 [jelly (2)]
  6181 | D:5      | Splashed by a jelly's acid

Levels and vault maps discovered:
D:1:      dpeg_arrival_pond, layout_basic, chequers_serial_rivers_micro_e
D:2:      layout_basic, nicolae_dithmenos_through_a_glass_darkly,
          chequers_ecumenical_altar_island, first_ration,
          ebering_dispersal_statue_hall, minmay_pentomino_x2
D:3:      layout_rooms, fedhas_altar_2
D:4:      minmay_goblin_kobold_castle, layout_loops_ring, tso_altar,
          makhleb_heckhound_becter, lemuel_temple_firewalk_b, enter_ossuary_1
D:5:      layout_layer_cave
D:6:      layout_basic, lemuel_round_altar, okawaru_altar_gauntlet_db
Temple:   minmay_temple_bridge_abc

Skill      XL: |  1  2  3  4  5  6  7  8  9 |
---------------+----------------------------+-----
Conjurations   | 2 3 4 |  4.7
Dodging        | 2 3 |  3.0
Axes           | 1 2 4 5 |  5.3
Poison Magic   | 5 6 7 |  7.0
Fighting       | 1 2 3 |  3.4
Spellcasting   | 3 4 |  4.2
Air Magic      | 2 |  2.1
Invocations    | 1 2 |  2.0
Shields        | 1 |  1.5
Stealth        | |  3.0

Action                   |  1- 3 |  4- 6 |  7- 9 || total
-------------------------+-------+-------+-------++-------
Melee: Spear             |    36 |    22 |       ||    58
       Mace              |       |    12 |       ||    12
       War axe           |       |    54 |   162 ||   216
 Cast: Sting             |    42 |   107 |    76 ||   225
       Olgreb's Toxic Ra |       |     2 |     5 ||     7
 Abil: Spit Poison       |     1 |     2 |       ||     3
  Use: Scroll            |       |     5 |       ||     5
       Potion            |       |       |     9 ||     9
 Stab: Sleeping          |     3 |       |     1 ||     4
  Eat: Chunk             |     1 |     8 |     5 ||    14
Armor: Robe              |     7 |     6 |       ||    13
       Leather armour    |       |    39 |    93 ||   132
       Skin              |       |       |     8 ||     8
Dodge: Dodged            |    20 |    68 |   105 ||   193

Table legend:
 A = Non-vault XP
 B = Vault XP
 C = Vault XP percentage of total XP
 D = Non-vault monster count
 E = Vault monster count
 F = Vault count percentage of total count
                 A         B        C        D         E       F
            +---------+---------+-------+---------+---------+-------
      Total |    1807 |     746 |  29.2 |     112 |      60 |  34.9
            +---------+---------+-------+---------+---------+-------
        D:1 |      26 |       0 |   0.0 |      18 |       0 |   0.0
        D:2 |      62 |      13 |  17.3 |      19 |       1 |   5.0
        D:3 |      39 |       0 |   0.0 |      22 |       0 |   0.0
        D:4 |     249 |     733 |  74.6 |      20 |      59 |  74.7
        D:5 |     564 |       0 |   0.0 |      15 |       0 |   0.0
        D:6 |     867 |       0 |   0.0 |      18 |       0 |   0.0
            +---------+---------+-------+---------+---------+-------
